| TOP OF THE 1ST |
|
Milwaukee Brewers batting - Pitching for San Diego Padres : RHP Adam Thompson
|
|
Pitching: RHP Adam Thompson
|
|
|
Batting: RHB Joel Haycock
|
0-0: Ball 1-0: Called Strike 1-1: Foul Ball, location: 2F 1-2: SINGLE (Groundball, 6MD, EV 94.4 MPH)
|
|
Batting: RHB Akitada Nishizawa
|
0-0: Ball 1-0: Fielders Choice at 2nd, 6-4 (Groundball, 6, EV 91.9 MPH)
|
|
Batting: LHB Jason Peck
|
0-0: Called Strike 0-1: Ball 1-1: Fly out, F7 (Flyball, 78M, EV 83.8 MPH)
|
|
Batting: RHB Dave Gonzalez
|
0-0: Ball 1-0: Swinging Strike 1-1: Foul Ball, location: 2F 1-2: Foul Ball, location: 2F 1-2: Strikes out swinging
|
| Top of the 1st over - 0 runs, 1 hit, 0 errors, 1 left on base; Milwaukee 0 - San Diego 0 |
| BOTTOM OF THE 1ST |
|
San Diego Padres batting - Pitching for Milwaukee Brewers : RHP Victor Munoz
|
|
Pitching: RHP Victor Munoz
|
|
|
Batting: RHB Hildo Pot
|
0-0: Swinging Strike 0-1: Hit by Pitch
|
|
Batting: SHB Phil Zacharia
|
0-0: Foul Ball, location: 2F 0-1: Called Strike 0-2: Ball 1-2: SINGLE (Line Drive, 89M, EV 105.6 MPH) Hildo Pot to second
|
|
Batting: RHB C.J. Beavers
|
0-0: Ball 1-0: Called Strike 1-1: Grounds into double play, 4-6-3 (Groundball, 4, EV 86.9 MPH) Hildo Pot to third
|
|
Batting: SHB Terry Tuckfard
|
0-0: Ball 1-0: 2-RUN HOME RUN (Line Drive, 7D, EV 96.2 MPH), Distance : 373 ft
|
|
Batting: RHB Kaeo Zirpoli
|
0-0: Swinging Strike 0-1: Ball 1-1: Foul Ball, location: 2F 1-2: Strikes out swinging
|
| Bottom of the 1st over - 2 runs, 2 hits, 0 errors, 0 left on base; Milwaukee 0 - San Diego 2 |
| TOP OF THE 2ND |
|
Milwaukee Brewers batting - Pitching for San Diego Padres : RHP Adam Thompson
|
|
Batting: RHB Daniel Donovan
|
0-0: Ground out 6-3 (Groundball, 6, EV 83.1 MPH)
|
|
Batting: RHB Mike Ball
|
0-0: Called Strike 0-1: Ball 1-1: Swinging Strike 1-2: Ground out 1-3 (Groundball, P, EV 66.2 MPH)
|
|
Batting: LHB Alfredo de la Cruz
|
0-0: Foul Ball, location: 2F 0-1: Called Strike 0-2: Ball 1-2: Ball 2-2: Ball 3-2: Strikes out swinging
|
| Top of the 2nd over - 0 runs, 0 hits, 0 errors, 0 left on base; Milwaukee 0 - San Diego 2 |
| BOTTOM OF THE 2ND |
|
San Diego Padres batting - Pitching for Milwaukee Brewers : RHP Victor Munoz
|
|
Batting: RHB Luis Torres
|
0-0: Ground out 4-3 (Groundball, 34, EV 101.9 MPH)
|
|
Batting: LHB Mike Holt
|
0-0: Called Strike 0-1: Called Strike 0-2: SINGLE (Line Drive, 5L, EV 105.0 MPH)
|
|
Batting: RHB Hugo Bautista
|
0-0: Ball 1-0: Called Strike 1-1: Foul Ball, location: 2F 1-2: Ball 2-2: Foul Ball, location: 2F 2-2: Strikes out swinging
|
|
Batting: LHB James McCauley
|
0-0: Ball 1-0: Foul Ball, location: 2F 1-1: Hit by Pitch Mike Holt to second
|
|
Batting: RHB Hildo Pot
|
0-0: Called Strike 0-1: Ball 1-1: Ball 2-1: Ball 3-1: Called Strike 3-2: Ground out U3 (Groundball, 34S, EV 76.2 MPH)
|
| Bottom of the 2nd over - 0 runs, 1 hit, 0 errors, 2 left on base; Milwaukee 0 - San Diego 2 |
| TOP OF THE 3RD |
|
Milwaukee Brewers batting - Pitching for San Diego Padres : RHP Adam Thompson
|
|
Batting: RHB Kisho Ito
|
0-0: Called Strike 0-1: Foul Ball, location: 2F 0-2: Ball 1-2: Strikes out swinging
|
|
Batting: RHB Naofumi Ishida
|
0-0: Ball 1-0: Swinging Strike 1-1: Foul Ball, location: 2F 1-2: Foul Ball, location: 2F 1-2: Strikes out swinging
|
|
Batting: RHB Joel Haycock
|
0-0: Ball 1-0: Ball 2-0: SOLO HOME RUN (Flyball, 7LD, EV 96.2 MPH), Distance : 353 ft
|
|
Batting: RHB Akitada Nishizawa
|
0-0: Ball 1-0: Foul Ball, location: 2F 1-1: Ball 2-1: Foul Ball, location: 2F 2-2: Ball 3-2: Base on Balls
|
|
Batting: LHB Jason Peck
|
0-0: Ball 1-0: Ball 2-0: Fly out, F7 (Flyball, 7LM, EV 88.8 MPH)
|
| Top of the 3rd over - 1 run, 1 hit, 0 errors, 1 left on base; Milwaukee 1 - San Diego 2 |
| BOTTOM OF THE 3RD |
|
San Diego Padres batting - Pitching for Milwaukee Brewers : RHP Victor Munoz
|
|
Batting: SHB Phil Zacharia
|
0-0: Ball 1-0: Called Strike 1-1: Swinging Strike 1-2: Ball 2-2: Strikes out swinging
|
|
Batting: RHB C.J. Beavers
|
0-0: Called Strike 0-1: Called Strike 0-2: SINGLE (Groundball, 6D, EV 103.1 MPH)
|
|
Batting: SHB Terry Tuckfard
|
0-0: Ball 1-0: Swinging Strike 1-1: Ball Wild Pitch! C.J. Beavers to second 2-1: Ground out 5-3 (Groundball, 56, EV 81.9 MPH)
|
|
Batting: RHB Kaeo Zirpoli
|
0-0: Called Strike 0-1: Ball 1-1: Called Strike 1-2: SINGLE (Line Drive, 6M, EV 105.0 MPH) C.J. Beavers to third Runner from 3rd tries for Home, SAFE, throw by CF to home
|
|
Batting: RHB Luis Torres
|
0-0: Ball 1-0: Ball 2-0: Ball 3-0: Called Strike 3-1: Called Strike 3-2: Strikes out swinging
|
| Bottom of the 3rd over - 1 run, 2 hits, 0 errors, 1 left on base; Milwaukee 1 - San Diego 3 |
| TOP OF THE 4TH |
|
Milwaukee Brewers batting - Pitching for San Diego Padres : RHP Adam Thompson
|
|
Batting: RHB Dave Gonzalez
|
0-0: Ball 1-0: Swinging Strike 1-1: Ground out 6-3 (Groundball, 6MD, EV 88.8 MPH)
|
|
Batting: RHB Daniel Donovan
|
0-0: SOLO HOME RUN (Line Drive, 7LD, EV 91.2 MPH), Distance : 347 ft
|
|
Batting: RHB Mike Ball
|
0-0: Called Strike 0-1: Ball 1-1: Ball 2-1: Ground out 6-3 (Groundball, 6, EV 97.5 MPH)
|
|
Batting: LHB Alfredo de la Cruz
|
0-0: Ball 1-0: Called Strike 1-1: Swinging Strike 1-2: Ball 2-2: Ball 3-2: DOUBLE (Flyball, 78D, EV 97.5 MPH)
|
|
Batting: RHB Kisho Ito
|
0-0: Foul Ball, location: 2F 0-1: Ball 1-1: Foul Ball, location: 2F 1-2: Foul Ball, location: 2F 1-2: Strikes out swinging
|
| Top of the 4th over - 1 run, 2 hits, 0 errors, 1 left on base; Milwaukee 2 - San Diego 3 |
| BOTTOM OF THE 4TH |
|
San Diego Padres batting - Pitching for Milwaukee Brewers : RHP Victor Munoz
|
|
Batting: LHB Mike Holt
|
0-0: Called Strike 0-1: Called Strike 0-2: Ball 1-2: Ground out 2-3 (Groundball, 13S, EV 72.5 MPH)
|
|
Batting: RHB Hugo Bautista
|
0-0: Ball 1-0: Called Strike 1-1: Fly out, F8 (Flyball, 89M, EV 90.6 MPH)
|
|
Batting: LHB James McCauley
|
0-0: Called Strike 0-1: Foul Ball, location: 2F 0-2: Strikes out swinging
|
| Bottom of the 4th over - 0 runs, 0 hits, 0 errors, 0 left on base; Milwaukee 2 - San Diego 3 |
| TOP OF THE 5TH |
|
Milwaukee Brewers batting - Pitching for San Diego Padres : RHP Adam Thompson
|
|
Batting: RHB Naofumi Ishida
|
0-0: Ball 1-0: Foul Ball, location: 2F 1-1: Called Strike 1-2: Strikes out swinging
|
|
Batting: RHB Joel Haycock
|
0-0: Ball 1-0: Ground out 6-3 (Groundball, 6, EV 85.6 MPH)
|
|
Batting: RHB Akitada Nishizawa
|
0-0: Called Strike 0-1: Ball 1-1: Swinging Strike 1-2: Strikes out looking
|
| Top of the 5th over - 0 runs, 0 hits, 0 errors, 0 left on base; Milwaukee 2 - San Diego 3 |
| BOTTOM OF THE 5TH |
|
San Diego Padres batting - Pitching for Milwaukee Brewers : RHP Victor Munoz
|
|
Batting: RHB Hildo Pot
|
0-0: Foul Ball, location: 2F 0-1: Foul Ball, location: 2F 0-2: Foul Ball, location: 2F 0-2: Foul Ball, location: 2F 0-2: Ball 1-2: Ball 2-2: Foul Ball, location: 2F 2-2: Ball 3-2: Foul Ball, location: 2F 3-2: Fly out, F8 (Flyball, 89M, EV 86.2 MPH)
|
|
Batting: SHB Phil Zacharia
|
0-0: Foul Ball, location: 2F 0-1: Ball 1-1: Foul Ball, location: 2F 1-2: Ball 2-2: Strikes out swinging
|
|
Batting: RHB C.J. Beavers
|
0-0: Called Strike 0-1: Ball 1-1: Called Strike 1-2: SINGLE (Line Drive, 34D, EV 96.2 MPH)
|
|
Batting: SHB Terry Tuckfard
|
0-0: Ball 1-0: Ball 2-0: Swinging Strike 2-1: Ball 3-1: Foul Ball, location: 2F 3-2: Base on Balls C.J. Beavers to second
|
|
Batting: RHB Kaeo Zirpoli
|
0-0: Foul Ball, location: 2F 0-1: Called Strike 0-2: SINGLE (Flyball, 3D, EV 88.8 MPH) C.J. Beavers to third Terry Tuckfard to second Runner from 3rd tries for Home, SAFE, throw by RF to home
|
|
Batting: RHB Luis Torres
|
0-0: Ball 1-0: Called Strike 1-1: Ball 2-1: Called Strike 2-2: Ground out U3 (Groundball, 3S, EV 91.2 MPH)
|
| Bottom of the 5th over - 1 run, 2 hits, 0 errors, 2 left on base; Milwaukee 2 - San Diego 4 |
| TOP OF THE 6TH |
|
Milwaukee Brewers batting - Pitching for San Diego Padres : RHP Adam Thompson
|
|
Batting: LHB Jason Peck
|
0-0: Called Strike 0-1: Called Strike 0-2: Strikes out looking
|
|
Batting: RHB Dave Gonzalez
|
0-0: Ball 1-0: Called Strike 1-1: Foul Ball, location: 2F 1-2: Ball 2-2: Foul Ball, location: 2F 2-2: Ball 3-2: Strikes out swinging, 2-3 out at first.
|
|
Batting: RHB Daniel Donovan
|
0-0: Ball 1-0: Ball 2-0: Fly out, F7 (Flyball, 78XD, EV 102.5 MPH)
|
| Top of the 6th over - 0 runs, 0 hits, 0 errors, 0 left on base; Milwaukee 2 - San Diego 4 |
| BOTTOM OF THE 6TH |
|
San Diego Padres batting - Pitching for Milwaukee Brewers : RHP Victor Munoz
|
|
Pitching: RHP Javy Uribe
|
|
|
Batting: LHB Mike Holt
|
0-0: Ball 1-0: Swinging Strike 1-1: Ball 2-1: SINGLE (Groundball, 6MD, EV 106.9 MPH)
|
|
Batting: RHB Hugo Bautista
|
0-0: Called Strike 0-1: Called Strike 0-2: Ball 1-2: Ball 2-2: SINGLE (Line Drive, 78S, EV 98.1 MPH) Mike Holt to second
|
|
Batting: LHB James McCauley
|
0-0: Ball 1-0: Ball 2-0: SINGLE (Flyball, 4D, EV 84.4 MPH) Mike Holt to third Hugo Bautista to second
|
|
Batting: RHB Hildo Pot
|
0-0: Ball 1-0: Ball 2-0: Ground out 5-3 (Groundball, 56S, EV 66.9 MPH) Mike Holt scores Hugo Bautista to third James McCauley to second
|
|
Batting: SHB Phil Zacharia
|
0-0: Called Strike 0-1: Called Strike 0-2: Ball 1-2: Ball 2-2: SINGLE (Line Drive, 8LS, EV 98.1 MPH) Hugo Bautista scores James McCauley to third Runner from 3rd tries for Home, SAFE, throw by CF to home
|
|
Batting: RHB C.J. Beavers
|
0-0: SINGLE (Groundball, 6MD, EV 101.9 MPH) Phil Zacharia to second Throwing error, E8 Phil Zacharia scores C.J. Beavers to second
|
|
Pitching: RHP John Owens
|
|
|
Batting: SHB Terry Tuckfard
|
0-0: Ball 1-0: Ball 2-0: Ball 3-0: Base on Balls
|
|
Batting: RHB Kaeo Zirpoli
|
0-0: Fly out, F7 (Flyball, 7, EV 86.2 MPH)
|
|
Batting: RHB Luis Torres
|
0-0: Ball 1-0: Called Strike 1-1: Ball 2-1: Called Strike 2-2: Ball 3-2: Strikes out swinging
|
| Bottom of the 6th over - 4 runs, 5 hits, 1 error, 2 left on base; Milwaukee 2 - San Diego 8 |
| TOP OF THE 7TH |
|
Milwaukee Brewers batting - Pitching for San Diego Padres : RHP Adam Thompson
|
|
Batting: RHB Mike Ball
|
0-0: SINGLE (Groundball, 34D, EV 97.5 MPH)
|
|
Batting: LHB Alfredo de la Cruz
|
0-0: Ball 1-0: Ball 2-0: Grounds into double play, 4-6-3 (Groundball, 4, EV 80.6 MPH)
|
|
Batting: RHB Kisho Ito
|
0-0: Ball 1-0: Fly out, F7 (Line Drive, 78M, EV 105.0 MPH)
|
| Top of the 7th over - 0 runs, 1 hit, 0 errors, 0 left on base; Milwaukee 2 - San Diego 8 |
| BOTTOM OF THE 7TH |
|
San Diego Padres batting - Pitching for Milwaukee Brewers : RHP John Owens
|
|
Batting: LHB Mike Holt
|
0-0: Foul Ball, location: 2F 0-1: Ground out 4-3 (Groundball, 34S, EV 67.5 MPH)
|
|
Batting: RHB Hugo Bautista
|
0-0: Called Strike 0-1: Foul Ball, location: 2F 0-2: Foul Ball, location: 2F 0-2: Strikes out swinging
|
|
Batting: LHB James McCauley
|
0-0: Ball 1-0: Ball 2-0: Called Strike 2-1: Ball 3-1: Swinging Strike 3-2: Base on Balls
|
|
Batting: RHB Hildo Pot
|
0-0: Foul Ball, location: 2F 0-1: Ball 1-1: Ball 2-1: Ball 3-1: Base on Balls James McCauley to second
|
|
Batting: SHB Phil Zacharia
|
0-0: Ball 1-0: Ball 2-0: Called Strike 2-1: Foul Ball, location: 2F 2-2: Foul Ball, location: 2F 2-2: Ground out 4-3 (Groundball, 4, EV 88.1 MPH)
|
| Bottom of the 7th over - 0 runs, 0 hits, 0 errors, 2 left on base; Milwaukee 2 - San Diego 8 |
| TOP OF THE 8TH |
|
Milwaukee Brewers batting - Pitching for San Diego Padres : RHP Adam Thompson
|
|
Batting: RHB Naofumi Ishida
|
0-0: Ball 1-0: Ball 2-0: Ball 3-0: Foul Ball, location: 2F 3-1: Ground out 4-3 (Groundball, 4, EV 100.0 MPH)
|
|
Batting: RHB Joel Haycock
|
0-0: Called Strike 0-1: Ball 1-1: Called Strike 1-2: Ball 2-2: Foul Ball, location: 2F 2-2: Ball 3-2: Foul Ball, location: 2F 3-2: Fly out, F9 (Flyball, 9LM, EV 79.4 MPH)
|
|
Batting: RHB Akitada Nishizawa
|
0-0: Foul Ball, location: 2F 0-1: Ball 1-1: SOLO HOME RUN (Flyball, 78XD, EV 98.1 MPH), Distance : 398 ft
|
|
Batting: LHB Jason Peck
|
0-0: Called Strike 0-1: Swinging Strike 0-2: Foul Ball, location: 2F 0-2: Foul Ball, location: 2F 0-2: Ball 1-2: Strikes out looking
|
| Top of the 8th over - 1 run, 1 hit, 0 errors, 0 left on base; Milwaukee 3 - San Diego 8 |
| BOTTOM OF THE 8TH |
|
San Diego Padres batting - Pitching for Milwaukee Brewers : RHP John Owens
|
|
Batting: RHB C.J. Beavers
|
0-0: Foul Ball, location: 2F 0-1: Swinging Strike 0-2: Strikes out swinging
|
|
Batting: SHB Terry Tuckfard
|
0-0: Ground out U3 (Groundball, 3S, EV 83.1 MPH)
|
|
Batting: RHB Kaeo Zirpoli
|
0-0: Ball 1-0: Called Strike 1-1: Swinging Strike 1-2: Foul Ball, location: 2F 1-2: Fly out, F6 (Popup, 6D, EV 67.5 MPH)
|
| Bottom of the 8th over - 0 runs, 0 hits, 0 errors, 0 left on base; Milwaukee 3 - San Diego 8 |
| TOP OF THE 9TH |
|
Milwaukee Brewers batting - Pitching for San Diego Padres : RHP Adam Thompson
|
|
Pitching: LHP Dae-Jung Cho
|
|
|
Batting: RHB Dave Gonzalez
|
0-0: Swinging Strike 0-1: Fly out, F8 (Flyball, 8LD, EV 100.0 MPH)
|
|
Batting: RHB Daniel Donovan
|
0-0: Ball 1-0: Foul Ball, location: 2F 1-1: Ball 2-1: Foul Ball, location: 2F 2-2: Foul Ball, location: 2F 2-2: Ball 3-2: Foul Ball, location: 2F 3-2: Base on Balls
|
|
Batting: RHB Mike Ball
|
0-0: Ground out 3-1 (Groundball, 34, EV 88.8 MPH) Daniel Donovan to second
|
|
Batting: LHB Alfredo de la Cruz
|
0-0: Foul Ball, location: 2F 0-1: SINGLE (Groundball, 6MD, EV 102.5 MPH) Daniel Donovan to third
|
|
Batting: RHB Kisho Ito
|
0-0: SINGLE (Groundball, 56S, EV 72.5 MPH) (infield hit) Daniel Donovan scores Alfredo de la Cruz to second
|
|
Pitching: RHP Arturo Diaz
|
|
|
Batting: RHB Naofumi Ishida
|
0-0: Fly out, F6 (Line Drive, 6, EV 70.0 MPH)
|
| Top of the 9th over - 1 run, 2 hits, 0 errors, 2 left on base; Milwaukee 4 - San Diego 8 |
|